 Dungeon Crawl Stone Soup version 0.31.0-11-ge490571c62 (webtiles) character file.

Game seed: 4938313569444059143

333 zenocrate the Sneak (level 6, 0/39 HPs)
             Began as a Kobold Delver on Feb 1, 2024.
             Slain by a gnoll
             ... wielding a +0 halberd
              (6 damage)
             ... on level 4 of the Dungeon.
             The game lasted 00:02:35 (2734 turns).

zenocrate the Sneak (Kobold Delver)                 Turns: 2734, Time: 00:02:35

Health: 0/39       AC: -1    Str:  9    XL:     6   Next: 83%
Magic:  6/6        EV: 16    Int: 11    God:
Gold:   237        SH:  0    Dex: 19    Spells: 5/5 levels left

rFire   . . .        b - +1 dagger (venom)
rCold   . . .        (no shield)
rNeg    . . .        h - +0 leather armour
rPois   .            (no helmet)
rElec   .            (no cloak)
rCorr   .            (no gloves)
SInv    +            (no boots)
Will    .....        (no amulet)
Stlth   +++++        o - ring of see invisible
HPRegen 0.26/turn    (no ring)
MPRegen 0.10/turn

%: no passive effects
@: corroded
A: small, no large weapons, nightstalker 3
a: no special abilities


You were on level 4 of the Dungeon.
You visited 1 branch of the dungeon, and saw 5 of its levels.

You collected 237 gold pieces.

Inventory:

Hand Weapons
 a - a +2 vampiric short sword
 b - a +1 dagger of venom (weapon)
 B - a +0 short sword
Armour
 h - a +0 leather armour (worn)
 v - a +0 kite shield
 w - a +2 buckler
Jewellery
 o - a ring of see invisible (left hand)
Wands
 g - a wand of digging (3)
Scrolls
 c - 2 scrolls of fog
 d - 2 scrolls of revelation
 e - a scroll of fear
 i - a scroll of vulnerability {unknown}
 m - 2 scrolls of identify {unknown}
 n - a scroll of silence {unknown}
 q - 6 scrolls of teleportation
 s - a scroll of noise {unknown}
 t - a scroll of immolation {unknown}
 u - a scroll of torment {unknown}
 y - a scroll of brand weapon {unknown}
 z - a scroll of enchant weapon {unknown}
 A - a scroll of amnesia {unknown}
Potions
 f - a potion of haste
 j - a potion of lignification {unknown}
 k - 3 potions of heal wounds {unknown}
 l - a potion of mutation {unknown}
 p - a potion of curing {unknown}
 r - a potion of might {unknown}
 x - a potion of degeneration {unknown}
 C - a potion of invisibility {unknown}
 D - a potion of cancellation {unknown}
 E - 2 potions of experience {unknown}


   Skills:
 + Level 4.4 Fighting
 * Level 5.3 Short Blades
 + Level 4.0 Dodging
 + Level 7.6 Stealth
 + Level 2.9 Evocations


You had 5 spell levels left.
You didn't know any spells.
Your spell library was empty.

Dungeon Overview and Level Annotations

Branches:
Dungeon (5/15)
 Temple: D:4-7

Altars:
Wu Jian
Xom
Zin


Innate Abilities, Weirdness & Mutations

You are small and have problems with some larger weapons.
You are completely attuned to the shadows.


Message History

A gnoll comes into view. It is wielding a +0 whip.
A jelly comes into view.
The gnoll hits you with a +0 whip.
You hit the gnoll.
The gnoll is moderately wounded.
You barely miss the gnoll. You hit the gnoll.
The gnoll is poisoned.
The gnoll is moderately wounded.
A gnoll comes into view. It is wielding a +0 halberd.
You hit the gnoll.
The gnoll is heavily wounded.
The gnoll closely misses you.
You barely miss the gnoll.
The gnoll is heavily wounded.
The gnoll hits you with a +0 whip.
You hit the gnoll.
The gnoll looks as sick as possible!
The gnoll is severely wounded.
You hit the gnoll.
You kill the gnoll! x2
Your Dodging skill increases to level 4!
You hit the jelly.
Your hands burn!
The jelly is lightly wounded.
The jelly hits you but does no damage.
You hit the jelly.
Your hands burn!
The jelly is heavily wounded.
The jelly hits you but does no damage.
You hit the jelly. The acid corrodes you!
Your hands burn!
The jelly is severely wounded.
The gnoll closely misses you.
You are too injured to fight recklessly!
The jelly attacks as it pursues you! The jelly hits you. The acid corrodes you!
You are splashed with acid!
* * * LOW HITPOINT WARNING * * *
The gnoll attacks as it pursues you! The gnoll closely misses you.
Unknown command.
You barely miss the jelly.
The jelly is severely wounded.
The jelly closely misses you.
The gnoll hits you from afar with a +0 halberd.
You die...

#.#.# #.....#.
#.#.# #####.##..
#.#.# #.........
##.#># #.###.##..
#....###.###.####
#.......#..#.# #
#...####.#.#.#
##.######.##
#.#.#.#
...).gJ@..#
#.#.#.####
##.######.#
#......... #
#.#######..#####
##..........#####
#.[.#####........
.......###.#.#####
###.<.#.......#
##.######.### #.
#.#


You could see a jelly and a gnoll.

Vanquished Creatures
  A scorpion (D:4)
  An orc priest (D:4)
  Jessica (D:3)
  2 orc wizards
  3 gnolls
  4 adders
  An adder zombie (D:2)
  2 dart slugs
  2 ribbon worms
  8 orcs
  8 ball pythons
  5 bats
  A bat skeleton (D:2)
  2 bat zombies (D:2)
  5 endoplasms
  5 giant cockroaches
  6 goblins
  5 hobgoblins
  2 jackals (D:2)
  6 quokkas
  A ball python skeleton (D:2)
  4 frilled lizards
  A giant cockroach zombie (D:2)
  6 kobolds
  A quokka skeleton (D:2)
  5 rats
88 creatures vanquished.

Notes
Turn   | Place    | Note
-------+----------+-------------------------------------------
     0 | D:5      | zenocrate the Kobold Delver began the quest for the Orb.
     0 | D:5      | Reached XP level 1. HP: 14/14 MP: 1/1
   184 | D:2      | Reached XP level 2. HP: 19/19 MP: 2/2
   347 | D:1      | Reached skill level 1 in Evocations
   386 | D:1      | Reached XP level 3. HP: 23/23 MP: 3/3
   581 | D:1      | Reached skill level 7 in Stealth
   652 | D:1      | Reached XP level 4. HP: 29/29 MP: 4/4
  1482 | D:3      | Noticed Jessica
  1486 | D:3      | Killed Jessica
  1487 | D:3      | Reached XP level 5. HP: 33/33 MP: 5/5
  1566 | D:3      | Found an ornate altar of the Wu Jian Council.
  1646 | D:3      | Found a shimmering altar of Xom.
  2031 | D:3      | Found a glowing silver altar of Zin.
  2137 | D:4      | Reached XP level 6. HP: 38/38 MP: 6/6
  2361 | D:4      | Reached skill level 5 in Short Blades
  2734 | D:4      | Slain by a gnoll

Illustrated notes

Levels and vault maps discovered:
D:1:      spicycebolla_arrival_ecumenical, layout_basic
D:2:      layout_rooms, serial_undead, serial_undead_c, serial_undead_b,
          serial_undead_f, serial_undead_e, serial_undead_e, serial_undead_a
D:3:      layout_rooms, mainiacjoe_overflow_brackets,
          nicolae_wu_jian_wuxing_cycle, regret_index_xom_buried_treasure,
          uniq_jessica
D:4:      layout_loops_ring
D:5:      layout_basic, nicolae_elyvilon_temple_path, grunt_ministairs_5,
          nicolae_shop_self_help

Skill      XL: |  1  2  3  4  5  6 |
---------------+-------------------+-----
Short Blades   | 3 4 5 |  5.3
Evocations     | 1 2 |  2.9
Dodging        | 3 4 |  4.0
Stealth        | 7 |  7.6
Fighting       | 4 |  4.4

Action                     |  1- 3 |  4- 6 || total
---------------------------+-------+-------++-------
  Melee: Short sword       |    10 |       ||    10
         Dagger            |    49 |   138 ||   187
    Use: Scroll            |       |     1 ||     1
   Stab: Sleeping          |    18 |    28 ||    46
         Distracted        |       |     1 ||     1
 Armour: Leather armour    |    13 |    51 ||    64
  Dodge: Dodged            |    21 |   104 ||   125
